 Dungeon Crawl Stone Soup version 0.21.1-1-g345015f (webtiles) character file.

44 Mirai the Sneak (level 3, -7/19 HPs)
             Began as a Kobold Enchanter on Apr 30, 2018.
             Mangled by Sigmund
             ... wielding a +0 scythe
              (17 damage)
             ... on level 2 of the Dungeon.
             The game lasted 00:02:07 (1304 turns).

Mirai the Sneak (Kobold Enchanter)                  Turns: 1304, Time: 00:02:07

Health: -7/19      AC:  4    Str:  5    XL:     3   Next: 87%
Magic:  4/6        EV: 16    Int: 21    God:
Gold:   57         SH:  0    Dex: 16    Spells: 4/7 levels left

rFire    . . .     SeeInvis .   a - +1 dagger
rCold    . . .     Gourm    .   (shield restricted)
rNeg     . . .     Faith    .   b - +0 robe
rPois    .         Spirit   .   q - +0 helmet
rElec    .         Reflect  .   o - +0 cloak
rCorr    .         Harm     .   (no gloves)
MR       .....                  (no boots)
Stlth    +.........             (no amulet)
HPRegen  0.06/turn              j - +5 ring of intelligence
MPRegen  0.10/turn              (no ring)

@: confused, very slightly contaminated, hasted, invisible, very quick
A: small, carnivore
a: no special abilities


You were on level 2 of the Dungeon.
You were very full.

You visited 1 branch of the dungeon, and saw 2 of its levels.

You collected 57 gold pieces.

Inventory:

Hand Weapons
 a - a +1 dagger (weapon)
Armour
 b - a +0 robe (worn)
 o - a +0 cloak (worn)
 q - a +0 helmet (worn)
Jewellery
 j - a +5 ring of intelligence (left hand)
Scrolls
 e - a scroll of remove curse {unknown}
 g - a scroll of enchant armour {unknown}
 h - a scroll of random uselessness {unknown}
 i - a scroll of amnesia {unknown}
 k - a scroll of magic mapping {unknown}
 l - a scroll of fog {unknown}
 p - a scroll of identify {unknown}
Potions
 n - a potion of resistance {unknown}
Books
 c - a book of Maledictions

   Spells                             Type                      Level
   a - Corona                         Hexes                        1
   b - Ensorcelled Hibernation        Hexes/Ice                    2
   c - Confuse                        Hexes                        3
   d - Tukima's Dance                 Hexes                        3
   e - Dazzling Spray                 Conjuration/Hexes            3
Comestibles
 d - 5 rations


   Skills:
 + Level 2.2 Short Blades
 + Level 3.0 Dodging
 + Level 4.4 Stealth
 + Level 2.6 Spellcasting
 + Level 3.3 Hexes
 + Level 0.5 Ice Magic


You had 4 spell levels left.
You knew the following spells:

 Your Spells              Type           Power        Failure   Level  Hunger
a - Corona                Hex            ###....      3%          1    None
b - Ensorcelled Hibernat  Hex/Ice        ##....       10%         2    ##.....


Dungeon Overview and Level Annotations

Branches:
Dungeon (2/15)

Altars:
Xom

Annotations:
D:2 Sigmund


Innate Abilities, Weirdness & Mutations

You are small and have problems with some larger weapons.
You are carnivorous and can eat meat at any time.


Message History

Your base attributes are Str 5, Int 16, Dex 15.
Increase (S)trength, (I)ntelligence, or (D)exterity?
You feel agile.
Sigmund gestures wildly while chanting.
Sigmund flickers and vanishes!
Deactivating autopickup; reactivate with Ctrl-A.
You are confused.
A jackal comes into view.
The jackal barks!
You're too confused to move!
Something hits you.
Unknown command.
It was a potion of invisibility.
You fade into invisibility!
Something closely misses you.
You are very lightly contaminated with residual magic.
A jackal comes into view.
It was a potion of haste.
You feel yourself speed up. Something hits you!
Ouch! That really hurt!
You die...

..##.รท.######
..##.......... .#
..##..######## h#
..##..###### .#
...........# .#
......#.##.# .#
.######.##.# ##.#
.#
#.##.#########..#
..
#.##......@{hhh.#
..
..############..#
.## ### #[.# .#
#..# #..# #..#
#..# #..# #..#


You could see 3 jackals.

Vanquished Creatures
  Jessica (D:2)
  2 bats (D:1)
  A giant cockroach (D:1)
  2 hobgoblins (D:1)
  3 jackals (D:2)
  4 frilled lizards
  A goblin (D:1)
  3 kobolds (D:1)
  2 rats
19 creatures vanquished.

Notes
Turn   | Place    | Note
-------+----------+-------------------------------------------
     0 | D:1      | Mirai the Kobold Enchanter began the quest for the Orb.
     0 | D:1      | Reached XP level 1. HP: 10/10 MP: 3/3
   554 | D:1      | Reached XP level 2. HP: 15/15 MP: 5/5
   685 | D:1      | Found a shimmering altar of Xom.
   928 | D:1      | Learned a level 2 spell: Ensorcelled Hibernation
  1283 | D:2      | Noticed Jessica
  1290 | D:2      | Noticed Sigmund
  1293 | D:2      | Killed Jessica
  1293 | D:2      | Reached XP level 3. HP: 12/19 MP: 3/6
  1304 | D:2      | Mangled by Sigmund

Skill      XL: |  1  2 |
---------------+-------+-----
Short Blades   | 2 |  2.2
Dodging        | 3 |  3.0
Stealth        | |  4.4
Spellcasting   | |  2.6
Hexes          | |  3.3
Ice Magic      | |  0.5

Action                   || total
-------------------------++-------
Melee: Dagger            ||    68
 Cast: Corona            ||     2
       Ensorcelled Hiber ||     3
  Use: Potion            ||     2
 Stab: Sleeping          ||    11
  Eat: Chunk             ||     8
Armor: Robe              ||    13
Dodge: Dodged            ||    55
